 Dungeon Crawl Stone Soup version 0.29.0-13-gc9e81de378 (webtiles) character file.

Game seed: 11324022820058830034

13608 tizbic2 the Fighter (level 12, -8/195 (199) HPs)
             Began as an Ogre Fighter on Sept 10, 2022.
             Was a High Priest of Ignis.
             Mangled by a cane toad (13 damage)
             ... on level 1 of the Lair of Beasts.
             The game lasted 00:51:52 (14641 turns).

tizbic2 the Fighter (Ogre Fighter)                 Turns: 14641, Time: 00:51:53

HP:   -8/195 (199)  AC: 33    Str: 33    XL:     12   Next: 7%
MP:   12/12         EV:  1    Int:  9    God:    Ignis [*****.]
Gold: 658           SH: 10    Dex:  8    Spells: 11/11 levels left

rFire   + . .      SeeInvis +   w - +4 mace (spect)
rCold   . . .      Faith    .   c - +1 kite shield
rNeg    . . .      Spirit   .   (body armour currently unavailable)
rPois   +          Reflect  .   (helmet currently unavailable)
rElec   .          Harm     .   (cloak currently unavailable)
rCorr   .          Rampage  .   (gloves unavailable)
Will    +....      NoTele   +   (boots unavailable)
Stlth   +.........              (no amulet)
HPRegen 0.42/turn               l - ring of see invisible
MPRegen 0.13/turn               t - +6 ring of strength

@: lethally poisoned (-8 -> -8), tree-form, rising, fiery-armoured, lightly
drained
A: stationary, stasis, torment immunity, boosted hp, large, unfitting armour,
(tough skin 1), (hooves 1), (iridescent scales 1), deterioration 1
a: Renounce Religion, Fiery Armour, Foxfire Swarm


You were on level 1 of the Lair of Beasts.
You worshipped Ignis.
Ignis was extremely pleased with you.
You were a tree.
You visited 2 branches of the dungeon, and saw 12 of its levels.
You also visited: Sewer.

You collected 658 gold pieces.

Inventory:

Hand Weapons
 a - a +2 whip of freezing
 d - a +3 broad axe of venom
 e - a +2 whip of venom
 v - a +0 giant spiked club
 w - a +4 spectral mace (weapon)
 H - a +3 war axe of freezing
Missiles
 o - 81 stones (quivered)
 y - 9 boomerangs
 B - 3 throwing nets
 G - 31 poisoned darts
 L - 4 curare-tipped darts
Armour
 c - a +1 kite shield (worn)
 j - a +0 hat (melded)
 z - a +2 robe of willpower
 I - +0 acid dragon scales (melded)
 J - a +2 cloak (melded)
Jewellery
 k - a ring of positive energy
 l - a ring of see invisible (left branch)
 t - a +6 ring of strength (right branch)
Wands
 g - a wand of charming (5)
 m - a wand of polymorph (9)
 A - a wand of light (6)
 C - a wand of iceblast (15)
Scrolls
 b - 3 scrolls of fear
 f - 9 scrolls of teleportation
 h - a scroll of magic mapping
 n - 3 scrolls of fog
 r - 3 scrolls of amnesia
 s - a scroll of poison
 E - a scroll of torment
 F - 3 scrolls of immolation
 M - a scroll of identify
Potions
 i - 4 potions of flight
 p - 2 potions of brilliance
 q - a potion of attraction
 u - a potion of resistance {unknown}
 D - a potion of magic
Miscellaneous
 K - a lightning rod (4/4)


   Skills:
 + Level 12.8 Fighting
 - Level 1.0 Short Blades
 * Level 11.2 Maces & Flails
 + Level 1.7 Armour
 * Level 7.1 Dodging
 * Level 9.3 Shields


You had 11 spell levels left.
You didn't know any spells.
Your spell library contained the following spells:

 Spells                   Type           Power      Damage    Failure   Level
 Foxfire                  Conj/Fire      0%         2x1d4     61%         1
 Sublimation of Blood     Necr           0%         N/A       75%         2
 Wereblood                Tmut           0%         N/A       75%         2
 Conjure Flame            Conj/Fire      0%         6-21      93%         3
 Inner Flame              Hex/Fire       0%         N/A       93%         3
 Flame Wave               Conj/Fire      0%         2d4       100%        4
 Summon Hydra             Summ           0%         N/A       100%        7


Dungeon Overview and Level Annotations

Branches:
Dungeon (11/15)            Temple (0/1) D:6            Lair (1/5) D:11
    Orc (0/2) D:9           Sewer (visited)

Altars:
Ashenzari
Kikubaaqudgha
Okawaru
Ru
Sif Muna
Xom
The Shining One
Ignis

Shops:
D:2 [

Annotations:
Lair:1 Nergalle


Innate Abilities, Weirdness & Mutations

You are a tree.
Your roots penetrate the ground, keeping you stationary.
You cannot be teleported.
You are immune to unholy pain and torment.
Your maximum health is greatly increased.
Your equipment is partially melded.
You are too large for most types of armour.
((You have tough skin. (AC +1)))
((You have large cloven feet.))
((You are partially covered in iridescent scales. (AC +2)))
Your body sometimes deteriorates upon taking damage.


Message History

You hit the cane toad. Your kick misses the cane toad.
The cane toad is moderately wounded.
You feel sick. You block the cane toad's attack. The cane toad stings you.
* * * LOW HITPOINT WARNING * * *
It was a potion of magic.
Magic courses through your body.
You feel sick.
The spectral orc warrior hits you from afar with a +0 halberd.
* * * LOW HITPOINT WARNING * * *
You feel drained.
* * * LOW HITPOINT WARNING * * *
The spectral orc warrior hits you with a +0 trident.
* * * LOW HITPOINT WARNING * * *
You feel drained.
Nergalle casts a spell at the spectral orc.
The spectral orc seems to speed up.
You block the cane toad's attack.
A protective cloak of flame settles atop you.
You feel sick.
The spectral orc warrior closely misses you.
You block the spectral orc warrior's attack.
The spectral orc warrior hits you with a +0 trident!
* * * LOW HITPOINT WARNING * * *
The spectral orc warrior is burned by your cloak of flames.
The spectral orc warrior is moderately damaged.
The cane toad stings you!
* * * LOW HITPOINT WARNING * * *
You begin to rise into the air.
You feel sick.
You block the spectral orc warrior's attack.
The spectral orc warrior barely misses you.
The spectral orc warrior hits you but does no damage.
You block the cane toad's attack.
It was a potion of lignification.
You turn into a tree.
Your +2 cloak melds into your body.
Your +0 hat melds into your body.
Your +0 acid dragon scales melds into your body.
Your roots penetrate the ground.
You feel sick.
You block the spectral orc warrior's attack.
The spectral orc warrior hits you but does no damage. x2
The cane toad stings you but does no damage.
You sock the cane toad!
The cane toad is heavily wounded.
You feel sick. The cane toad stings you!
You die...

##........
##.##
##.......
#..## #.....
##...#
##....#
#....##
##...# ####
###Z.P#
....##.ZZ.##
.....##♣###
......#F#
......Zo#
....>...#
.......:#
.......##
.......
.......
......#


You could see Nergalle, a spectral orc (summoned, fast), 3 spectral orc warriors
and a cane toad.

Vanquished Creatures
  Harold (D:10)
  A boulder beetle (D:11)
  A two-headed ogre (D:10)
  The ghost of LustLizard the Grappler, a novice TrFi (D:6)
  Pikel (D:6)
  3 black mambas (Lair:1)
  2 cane toads (Lair:1)
  A polar bear (Lair:1)
  15 yaks
  2 wraiths (D:11)
  Grum (D:10)
  2 vampire mosquitoes (D:11)
  4 steam dragons
  4 wargs
  3 acid dragons
  2 water moccasins (Lair:1)
  5 orc warriors
  A black bear (D:7)
  An ice beast (D:8)
  2 ogres
  2 centaurs
  4 wolves (D:10)
  A phantom (D:6)
  A kobold brigand (D:7)
  4 lemures (D:6)
  2 necrophages
  2 bullfrogs
  2 gnoll sergeants (D:8)
  A scorpion (D:5)
  15 wights
  13 killer bees
  2 vampire bats (D:6)
  5 howler monkeys (D:9)
  4 hounds
  3 jellies
  5 orc priests
  4 iguanas
  14 orc wizards
  A merfolk siren (Sewer)
  A merfolk avatar (Sewer)
  10 adders
  15 gnolls
  A river rat (D:3)
  2 shadow imps
  3 white imps
  5 worms
  3 dart slugs
  33 orcs
  4 bats
  A bat skeleton (D:6)
  4 bat zombies (D:6)
  6 endoplasms
  4 giant cockroaches
  7 goblins
  4 hobgoblins
  4 jackals (D:1)
  12 kobolds
  3 quokkas
  8 ball pythons
  5 frilled lizards
  30 rats
303 creatures vanquished.

Vanquished Creatures (others)
  An orc (D:7)
  4 fungi (Lair:1)
  5 plants (Lair:1)
10 creatures vanquished.

Grand Total: 313 creatures vanquished

Notes
Turn   | Place    | Note
-------+----------+-------------------------------------------
     0 | D:1      | tizbic2 the Ogre Fighter began the quest for the Orb.
     0 | D:1      | Reached XP level 1. HP: 24/24 MP: 1/1
   137 | D:1      | Reached XP level 2. HP: 20/32 MP: 2/2
   592 | D:1      | Found a faded altar of an unknown god.
   598 | D:1      | Prayed at the altar of an unknown god.
   598 | D:1      | Became a worshipper of Ignis, the Dying Flame
   638 | D:1      | Reached XP level 3. HP: 37/39 MP: 3/3
  1080 | D:2      | Reached XP level 4. HP: 31/48 MP: 4/4
  1226 | D:2      | Found Xol Ki Ypo's Antique Armour Emporium.
  1904 | D:3      | Reached XP level 5. HP: 22/55 MP: 5/5
  2018 | D:3      | Found a glowing drain.
  2026 | Sewer    | Entered a sewer
  2031 | Sewer    | Reached skill level 1 in Short Blades
  2338 | Sewer    | Gained mutation: Your body sometimes deteriorates upon
                  | taking damage. [potion of mutation]
  2338 | Sewer    | Gained mutation: You have large cloven feet. [potion of
                  | mutation]
  2338 | Sewer    | Gained mutation: You are partially covered in iridescent
                  | scales. (AC +2) [potion of mutation]
  2608 | Sewer    | Noticed a malarious merfolk avatar
  2621 | Sewer    | Killed a malarious merfolk avatar
  2622 | Sewer    | Reached skill level 5 in Fighting
  3008 | D:3      | Reached XP level 6. HP: 49/66 MP: 6/6
  3581 | D:4      | Found an iron altar of Okawaru.
  3583 | D:4      | Found a glowing golden altar of the Shining One.
  3591 | D:4      | Found a sacrificial altar of Ru.
  4053 | D:5      | Entered Level 5 of the Dungeon
  4216 | D:5      | Reached skill level 6 in Fighting
  4289 | D:5      | Reached XP level 7. HP: 74/75 MP: 7/7
  4731 | D:5      | Reached skill level 5 in Maces & Flails
  5233 | D:6      | Noticed LustLizard's ghost (novice TrFi)
  5237 | D:6      | Found a runed translucent door.
  5259 | D:6      | Reached skill level 7 in Fighting
  5454 | D:6      | Noticed a steam dragon
  5471 | D:6      | Killed a steam dragon
  5472 | D:6      | Reached skill level 5 in Shields
  5472 | D:6      | Reached XP level 8. HP: 45/87 MP: 8/8
  5733 | D:6      | Found a staircase to the Ecumenical Temple.
  5904 | D:6      | Killed LustLizard's ghost
  5905 | D:6      | Reached skill level 9 in Fighting
  6092 | D:6      | Found an ancient bone altar of Kikubaaqudgha.
  6244 | D:6      | Reached XP level 9. HP: 97/100 MP: 9/9
  6507 | D:6      | Noticed Pikel
  6526 | D:6      | Killed Pikel
  6527 | D:6      | Reached skill level 10 in Fighting
  6929 | D:7      | Found a broken altar of Ashenzari.
  7081 | D:7      | Identified the +6 rapier of the Middle {distort, rF+
                  | Will++}
  7493 | D:8      | Reached skill level 11 in Fighting
  7902 | D:8      | Reached XP level 10. HP: 97/113 MP: 10/10
  9863 | D:9      | Found a staircase to the Orcish Mines.
  9869 | D:9      | Reached skill level 10 in Maces & Flails
 10779 | D:9      | Found a shimmering blue altar of Sif Muna.
 10808 | D:9      | Reached skill level 5 in Dodging
 11067 | D:10     | Entered Level 10 of the Dungeon
 11235 | D:10     | Noticed Grum
 11256 | D:10     | Killed Grum
 11257 | D:10     | Reached XP level 11. HP: 78/123 MP: 11/11
 11272 | D:10     | Reached skill level 12 in Fighting
 11582 | D:10     | Found a shimmering altar of Xom.
 11845 | D:10     | Noticed Harold
 11860 | D:10     | Killed Harold
 12369 | D:10     | Noticed a two-headed ogre
 12377 | D:10     | Killed a two-headed ogre
 12963 | D:11     | Found a staircase to the Lair.
 13678 | D:11     | Noticed a boulder beetle
 13692 | D:11     | Killed a boulder beetle
 13857 | Lair:1   | Entered Level 1 of the Lair of Beasts
 13897 | Lair:1   | Reached skill level 1 in Armour
 14505 | Lair:1   | Reached XP level 12. HP: 106/133 MP: 12/12
 14616 | Lair:1   | Noticed Nergalle
 14638 | Lair:1   | HP: 5/130 [cane toad (8)]
 14641 | Lair:1   | Mangled by a cane toad

Illustrated notes

Levels and vault maps discovered:
D:1:      dpeg_arrival_fog, layout_loops_cross, nicolae_ecumenical_lake_church,
          minivault_25, kennysheep_small_spiral, minmay_close_crescents
D:2:      layout_rooms, serial_shops, shop, kennysheep_generic_room_15
D:3:      layout_basic, lightli_sewer_entry_pipes
D:4:      layout_loops_ring, minitemple
D:5:      layout_loops_ring, serial_rivers, chequers_serial_rivers_marsh,
          chequers_serial_rivers_micro_c, chequers_serial_rivers_micro_b,
          chequers_serial_rivers_large_a
D:6:      layout_gridville, kennysheep_vampire_church, minmay_temple_entry_tees,
          hellmonk_ghost_happy_afterlife, kennysheep_generic_room_12, uniq_pikel
D:7:      layout_rooms, mainiacjoe_overflow_catwalk, kennysheep_generic_room_9
D:8:      layout_basic
D:9:      layout_big_octagon, mainiacjoe_overflow_cross_hatched, erik_orc_4,
          nicolae_figureground_pulse
D:10:     layout_loops_corners, tgw_xom, st_stairs_9, uniq_grum, uniq_harold
D:11:     layout_stronghold, erik_lair_orcish_takeover, billiards_dpeg
Lair:1:   layout_cave_pods, ebering_ghost_funeral_grove, uniq_nergalle

Skill      XL: |  1  2  3  4  5  6  7  8  9 10 11 |
---------------+----------------------------------+-----
Maces & Flails | 2 3 4 5 7 9 10 11 | 11.2
Short Blades   | 1 |  1.0
Shields        | 4 5 7 9 |  9.3
Fighting       | 5 6 7 9 11 12 | 12.8
Dodging        | 5 7 |  7.1
Armour         | 1 |  1.7

Action                   |  1- 3 |  4- 6 |  7- 9 | 10-12 || total
-------------------------+-------+-------+-------+-------++-------
Melee: Flail             |    18 |       |       |       ||    18
       Club              |    25 |       |       |       ||    25
       Mace              |    31 |   208 |   132 |   211 ||   582
       Short sword       |       |    57 |       |       ||    57
       Kick              |       |    18 |    87 |   139 ||   244
       Giant club        |       |       |    20 |       ||    20
       Whip              |       |       |   107 |   302 ||   409
       Broad axe         |       |       |       |    18 ||    18
Throw: Stone             |       |     4 |     7 |     6 ||    17
       Dart              |       |       |     3 |       ||     3
       Boomerang         |       |       |       |     3 ||     3
       Throwing net      |       |       |       |     1 ||     1
Invok: Fiery Armour      |       |       |     1 |     1 ||     2
       Rising Flame      |       |       |       |     1 ||     1
  Use: Scroll            |     3 |     5 |    10 |     4 ||    22
       Potion            |       |     3 |     2 |     8 ||    13
 Stab: Sleeping          |       |     1 |       |       ||     1
Armor: Robe              |    25 |   104 |    97 |    41 ||   267
       Acid dragon scale |       |       |       |    89 ||    89
       Skin              |       |       |       |     3 ||     3
Dodge: Dodged            |    24 |   111 |    94 |   145 ||   374
Block: Kite shield       |    23 |   116 |   103 |   205 ||   447
